 Dungeon Crawl Stone Soup version 0.21.1-1-g345015fe64 (webtiles) character file.

63 OlSheep the Grave Robber (level 3, 18/19 HPs)
             Began as a Deep Elf Necromancer on June 24, 2018.
             Was a Follower of Cheibriados.
             Quit the game on level 2 of the Dungeon.
             The game lasted 00:09:33 (2468 turns).

OlSheep the Grave Robber (Deep Elf Necromancer)     Turns: 2468, Time: 00:09:33

Health: 18/19      AC:  3    Str:  7    XL:     3   Next: 87%
Magic:  8/10       EV: 13    Int: 22    God:    Cheibriados [*.....]
Gold:   70         SH:  0    Dex: 17    Spells: 5/10 levels left

rFire    . . .     SeeInvis .   g - +0 short sword
rCold    . . .     Gourm    .   (no shield)
rNeg     . . .     Faith    .   a - +0 robe
rPois    .         Spirit   .   (no helmet)
rElec    .         Reflect  .   (no cloak)
rCorr    .         Harm     .   n - +0 pair of gloves
MR       .....                  (no boots)
Stlth    ++........             (no amulet)
HPRegen  0.06/turn              (no ring)
MPRegen  0.12/turn              (no ring)

@: very slow
A: no striking features
a: Bend Time, Renounce Religion


You were on level 2 of the Dungeon.
You worshipped Cheibriados.
Cheibriados was aware of your devotion.
You were not hungry.

You visited 1 branch of the dungeon, and saw 2 of its levels.

You collected 70 gold pieces.

Inventory:

Hand Weapons
 g - a +0 short sword (weapon)
Armour
 a - a +0 robe (worn)
 n - a +0 pair of gloves (worn)
Scrolls
 f - a scroll of identify {unknown}
 i - a scroll of random uselessness {unknown}
 j - a scroll of blinking {unknown}
 k - a scroll of teleportation {unknown}
 o - a scroll of remove curse {unknown}
Potions
 e - a potion of haste {unknown}
 h - a potion of might {unknown}
 l - a potion of agility {unknown}
 m - a potion of degeneration {unknown}
Books
 b - a book of Necromancy

   Spells                             Type                      Level
   a - Pain                           Necromancy                   1
   b - Animate Skeleton               Necromancy                   1
   c - Vampiric Draining              Necromancy                   3
   d - Regeneration                   Charms/Necromancy            3
   e - Animate Dead                   Necromancy                   4
   f - Borgnjor's Vile Clutch         Necromancy/Earth             5
Comestibles
 c - 4 rations


   Skills:
 + Level 2.4 Dodging
 + Level 2.6 Stealth
 + Level 4.3 Spellcasting
 + Level 5.9 Necromancy


You had 5 spell levels left.
You knew the following spells:

 Your Spells              Type           Power        Failure   Level  Hunger
a - Pain                  Necr           ####         1%          1    None
b - Animate Skeleton      Necr           N/A          1%          1    None
c - Vampiric Draining     Necr           ####......   2%          3    ##.....


Dungeon Overview and Level Annotations

Branches:
Dungeon (2/15)

Altars:
Cheibriados


Message History

Press: ? - help, Shift-Dir - straight line, f - bat
Aim: a bat (chance to defeat MR: 93%)
The bat writhes in agony!
You kill the bat!
Press: ? - help, v - describe, . - travel A faded altar of an unknown god.
There is a faded altar of an unknown god here.
Unknown command.
Press < or > to pray at altars.
You cannot tell which god this altar belongs to.
Convert to them anyway?
Uppercase [Y]es or [N]o only, please.
You cannot tell which god this altar belongs to.
Convert to them anyway?
Cheibriados accepts your prayer! Cheibriados welcomes you!
Cheibriados begins to support your attributes as your movement slows.
You can now bend time to slow others.
Cheibriados slows and strengthens your metabolism.
Cheibriados raises the support of your attributes as your movement slows.
The frilled lizard hisses angrily.
Are you sure you want to abandon this character and quit the game? (Confirm with "yes".)

. #.# #.#. +# .l.#
#.# ####..##### #.#
#.........####.##
##...♣...##...## ...
♣@♣..#.....#
#....♣...##...###...
#.#.................
###.##.###.####.# #.
#.# #.# .. ..# #.#
####### #.# #.# #.#


You could see a frilled lizard.

Vanquished Creatures
  An adder (D:2)
  A worm (D:2)
  A leopard gecko (D:1)
  5 giant cockroaches
  4 hobgoblins
  7 jackals
  6 kobolds (D:1)
  A ball python (D:1)
  8 bats
  5 frilled lizards
  5 goblins (D:1)
  4 rats
48 creatures vanquished.

Notes
Turn   | Place    | Note
-------+----------+-------------------------------------------
     0 | D:1      | OlSheep the Deep Elf Necromancer began the quest for the Orb.
     0 | D:1      | Reached XP level 1. HP: 10/10 MP: 6/6
     2 | D:1      | Learned a level 1 spell: Animate Skeleton
    36 | D:1      | Reached skill level 5 in Necromancy
   468 | D:1      | Reached XP level 2. HP: 9/15 MP: 4/8
  1326 | D:1      | Reached XP level 3. HP: 17/19 MP: 6/10
  1852 | D:1      | Learned a level 3 spell: Vampiric Draining
  2453 | D:2      | Found a faded altar of an unknown god.
  2467 | D:2      | Became a worshipper of Cheibriados the Contemplative
  2467 | D:2      | Reached * piety under Cheibriados
  2468 | D:2      | Quit the game

Skill      XL: |  1  2  3 |
---------------+----------+-----
Necromancy     | 5 |  5.9
Spellcasting   | 4 |  4.3
Dodging        | |  2.4
Stealth        | |  2.6

Action                   || total
-------------------------++-------
Melee: Short sword       ||     4
 Cast: Pain              ||    75
       Animate Skeleton  ||    16
       Vampiric Draining ||     5
 Stab: Sleeping          ||     2
  Eat: Chunk             ||     5
Armor: Robe              ||     2
Dodge: Dodged            ||    15
